 Dungeon Crawl Stone Soup version 0.20.0-7-g3b7b877 (webtiles) character file.

46 straycat the Vexing (level 3, -1/26 HPs)
             Began as a Vampire Wanderer on May 29, 2017.
             Slain by a gnoll
             ... wielding a +0 whip
              (6 damage)
             ... on level 2 of the Dungeon.
             The game lasted 00:11:37 (2538 turns).

straycat the Vexing (Vampire Wanderer)              Turns: 2538, Time: 00:11:37

Health: -1/26      AC:  2    Str: 11    XL:     3   Next: 44%
Magic:  0/4        EV: 12    Int: 13    God:
Gold:   30         SH:  0    Dex: 15    Spells: 0/4 levels left

rFire    . . .     SeeInvis +   c - +0 falchion
rCold    . . .     Gourm    .   (no shield)
rNeg     + . .     Faith    .   d - +0 robe
rPois    .         Spirit   .   (no helmet)
rElec    .         Reflect  .   (no cloak)
rCorr    .         Harm     .   (no gloves)
MR       .....                  (no boots)
Stlth    ++........             (no amulet)
Regen    0.1/turn               (no ring)
MPRegen  0.1/turn               (no ring)

@: no status effects
A: fangs 3, see invisible, unbreathing
a: Bat Form


You were on level 2 of the Dungeon.
You were not thirsty.

You visited 1 branch of the dungeon, and saw 2 of its levels.

You collected 30 gold pieces.

Inventory:

Hand Weapons
 c - a +0 falchion (weapon)
 e - a +0 dagger
Missiles
 i - 45 arrows
 k - 46 stones (quivered)
 n - 19 bolts
Armour
 d - a +0 robe (worn)
 q - a +0 shield
Scrolls
 h - a scroll of recharging {unknown}
 j - a scroll of teleportation {unknown}
 l - a scroll of fog {unknown}
 o - a scroll of identify {unknown}
 p - a scroll of blinking {unknown}
Potions
 f - 7 potions of blood
 g - 2 potions of curing {unknown}
 m - a potion of magic {unknown}
 r - a potion of brilliance {unknown}
Books
 a - a book of Maledictions

   Spells                             Type                      Level
   a - Corona                         Hexes                        1
   b - Ensorcelled Hibernation        Hexes/Ice                    2
   c - Confuse                        Hexes                        3
   d - Tukima's Dance                 Hexes                        3
   e - Dazzling Spray                 Conjuration/Hexes            3
 b - the Collected Works on Lightness

   Spells                             Type                      Level
   a - Swiftness                      Charms/Air                   2
   b - Poisonous Vapours              Poison/Air                   2


   Skills:
 * Level 1.5 Fighting
 + Level 0.4(1.2) Short Blades
 * Level 1.6 Long Blades
 * Level 1.9 Dodging
 + Level 3.3 Stealth
 + Level 0.1 Shields
 + Level 1.0 Spellcasting
 - Level 5.8 Hexes
   Level 1.0 Ice Magic


You couldn't memorise any spells.
You knew the following spells:

 Your Spells              Type           Power        Failure   Level  Hunger
a - Corona                Hex            ###....      2%          1    ##.....
b - Confuse               Hex            ###.....     8%          3    ####...


Dungeon Overview and Level Annotations

Branches:
Dungeon (2/15)

Altars:


Innate Abilities, Weirdness & Mutations

You have razor-sharp teeth.
You have supernaturally acute eyesight. (SInv)
You can survive without breathing.


Message History

You closely miss the gnoll. The gnoll hits you with a whip!
Casting: Corona
Confirm with . or Enter, or press ? or * to list all spells.
Aiming: Corona
Press: ? - help, Shift-Dir - straight line, f/p - gnoll
Aim: a gnoll, wielding a whip (chance to defeat MR: 61%)
The gnoll struggles to resist.
The gnoll misses you.
Casting: Corona
Confirm with . or Enter, or press ? or * to list all spells.
Aiming: Corona
Press: ? - help, Shift-Dir - straight line, f/p - gnoll
Aim: a gnoll, wielding a whip (chance to defeat MR: 61%)
The gnoll is outlined in light.
The gnoll hits you with a whip.
You barely miss the gnoll. The gnoll closely misses you.
You hit the gnoll but do no damage. The gnoll hits you with a whip!
* * * LOW HITPOINT WARNING * * *
You barely miss the gnoll. You bite the gnoll.
The gnoll is moderately wounded.
The gnoll closely misses you. The gnoll hits you with a whip.
You die...

...g.#.##g#
.##.#.###g#
.###.## #.#
.# ### #.#
.# #.# (#
#.# .# #.#
.#
#.#########
##
#......g@.#
#########.#
#.# #.# #.#
#.# #.# #.#
#.#


You could see a gnoll.

Vanquished Creatures
  An ooze (D:1)
  2 dart slugs (D:2)
  2 leopard geckos (D:1)
  A ball python (D:1)
  A giant cockroach (D:1)
  2 goblins (D:1)
  4 hobgoblins
  3 jackals (D:1)
  5 kobolds
  8 bats
  3 rats
32 creatures vanquished.

Notes
Turn   | Place    | Note
-------+----------+-------------------------------------------
     0 | D:1      | straycat the Vampire Wanderer began the quest for the Orb.
     0 | D:1      | straycat set off with: a book of Maledictions, the Collected Works on Lightness, a +0 falchion, a +0 robe, a +0 dagger, a potion of blood
     0 | D:1      | Reached XP level 1. HP: 15/15 MP: 1/1
     3 | D:1      | Identified the Collected Works on Lightness
   520 | D:1      | Reached XP level 2. HP: 14/21 MP: 3/3
   730 | D:1      | Learned a level 1 spell: Corona
   981 | D:1      | Reached skill level 1 in Spellcasting
  1010 | D:1      | Reached XP level 3. HP: 23/26 MP: 2/4
  2093 | D:2      | Learned a level 3 spell: Confuse
  2110 | D:2      | HP: 1/26 [gnoll/spear (3)]
  2538 | D:2      | Slain by a gnoll

Skill      XL: |  1  2 |
---------------+-------+-----
Spellcasting   | 1 |  1.0
Fighting       | |  1.5
Short Blades   | |  0.4
Long Blades    | |  1.6
Dodging        | |  1.9
Stealth        | |  3.3
Shields        | |  0.1
Hexes          | |  5.8
Ice Magic      | |  1.0

Action                   || total
-------------------------++-------
Melee: Falchion          ||    87
       Bite              ||    12
Throw: Stone             ||     1
 Cast: Corona            ||    21
       Confuse           ||     2
 Abil: End Transformatio ||     1
       Bat Form          ||     1
  Use: Potion            ||     4
 Stab: Sleeping          ||     5
  Eat: Corpse            ||     1
Armor: Robe              ||    22
Dodge: Dodged            ||    88
       Rpst.: Falchion   ||    17
